TOP OF THE 1ST |
New York Mets batting - Pitching for Philadelphia Phillies : RHP Miguel Castro
|
Pitching: RHP Miguel Castro
|
|
Batting: SHB Ian Happ
|
0-0: Ground out 1-3 (Groundball, 13S, EV 70.6 MPH)
|
Batting: LHB Travis Shaw
|
0-0: Ball 1-0: Fly out, F8 (Flyball, 8RD, EV 92.5 MPH)
|
Batting: RHB Steve Pearce
|
0-0: Ball 1-0: Ball 2-0: Foul Ball, location: 2F 2-1: Foul Ball, location: 2F 2-2: Foul Ball, location: 2F 2-2: Strikes out looking
|
Top of the 1st over - 0 runs, 0 hits, 0 errors, 0 left on base; New York 0 - Philadelphia 0 |
BOTTOM OF THE 1ST |
Philadelphia Phillies batting - Pitching for New York Mets : LHP Eduardo Rodriguez
|
Pitching: LHP Eduardo Rodriguez
|
|
Batting: LHB Leonys Martin
|
0-0: Bunt for hit to 15 - play at first, batter OUT! 1-3
|
Batting: SHB Ketel Marte
|
0-0: Ball 1-0: Swinging Strike 1-1: Ball 2-1: Foul Ball, location: 2F 2-2: Ball 3-2: Base on Balls
|
Batting: RHB Giancarlo Stanton
|
0-0: Ball 1-0: Ball 2-0: Called Strike 2-1: Hit by Pitch Ketel Marte to second
|
Batting: RHB Jesus Aguilar
|
0-0: Ball 1-0: Swinging Strike 1-1: Ball 2-1: Swinging Strike 2-2: Fly out, F8 (Line Drive, 8RM, EV 95.6 MPH)
|
Batting: LHB David Peralta
|
0-0: Called Strike 0-1: Ball 1-1: Called Strike 1-2: Ball 2-2: Foul Ball, location: 2F 2-2: Foul Ball, location: 2F 2-2: Ball 3-2: Foul Ball, location: 2F 3-2: Fly out, F9 (Line Drive, 9, EV 85.0 MPH)
|
Bottom of the 1st over - 0 runs, 0 hits, 0 errors, 2 left on base; New York 0 - Philadelphia 0 |
TOP OF THE 2ND |
New York Mets batting - Pitching for Philadelphia Phillies : RHP Miguel Castro
|
Batting: LHB Mike Moustakas
|
0-0: Called Strike 0-1: Ball 1-1: Foul Ball, location: 2F 1-2: Hit by Pitch
|
Batting: LHB Scott Schebler
|
0-0: Ball 1-0: Grounds into double play, 4-6-3 (Groundball, 34, EV 86.9 MPH)
|
Batting: RHB Salvador Perez
|
0-0: Ground out 6-3 (Groundball, 6, EV 100.6 MPH)
|
Top of the 2nd over - 0 runs, 0 hits, 0 errors, 0 left on base; New York 0 - Philadelphia 0 |
BOTTOM OF THE 2ND |
Philadelphia Phillies batting - Pitching for New York Mets : LHP Eduardo Rodriguez
|
Batting: RHB Todd Frazier
|
0-0: Ball 1-0: Ball 2-0: Fly out, F3 (Popup, 3SF, EV 83.1 MPH)
|
Batting: RHB Russell Martin
|
0-0: Called Strike 0-1: Foul Ball, location: 2F 0-2: Strikes out swinging
|
Batting: RHB Scott Kingery
|
0-0: Fly out, F4 (Flyball, 34D, EV 86.3 MPH)
|
Bottom of the 2nd over - 0 runs, 0 hits, 0 errors, 0 left on base; New York 0 - Philadelphia 0 |
TOP OF THE 3RD |
New York Mets batting - Pitching for Philadelphia Phillies : RHP Miguel Castro
|
Batting: RHB Starlin Castro
|
0-0: Ball 1-0: Foul Ball, location: 2F 1-1: Fly out, F3 (Flyball, 3D, EV 90.0 MPH)
|
Batting: SHB Ehire Adrianza
|
0-0: Called Strike 0-1: Ball 1-1: Fly out, F8 (Line Drive, 8LM, EV 92.5 MPH)
|
Batting: LHB Eduardo Rodriguez
|
0-0: Ground out 6-3 (Groundball, 6, EV 77.5 MPH)
|
Top of the 3rd over - 0 runs, 0 hits, 0 errors, 0 left on base; New York 0 - Philadelphia 0 |
BOTTOM OF THE 3RD |
Philadelphia Phillies batting - Pitching for New York Mets : LHP Eduardo Rodriguez
|
Batting: RHB Miguel Castro
|
0-0: Ground out 4-3 (Groundball, 34, EV 103.8 MPH)
|
Batting: LHB Leonys Martin
|
0-0: Ball 1-0: Fly out, F8 (Line Drive, 8LD, EV 88.8 MPH)
|
Batting: SHB Ketel Marte
|
0-0: Foul Ball, location: 2F 0-1: Ground out 6-3 (Groundball, 6, EV 98.1 MPH)
|
Bottom of the 3rd over - 0 runs, 0 hits, 0 errors, 0 left on base; New York 0 - Philadelphia 0 |
TOP OF THE 4TH |
New York Mets batting - Pitching for Philadelphia Phillies : RHP Miguel Castro
|
Batting: SHB Ian Happ
|
0-0: Ball 1-0: Ball 2-0: Foul Ball, location: 2F 2-1: Foul Ball, location: 2F 2-2: SINGLE (Popup, 4D, EV 34.4 MPH)
|
Batting: LHB Travis Shaw
|
0-0: Ball 1-0: Ball 2-0: Fielders Choice at 2nd, 1-6 (Groundball, 13, EV 84.4 MPH)
|
Batting: RHB Steve Pearce
|
0-0: Called Strike 0-1: Ball 1-1: DOUBLE (Line Drive, 78XD, EV 101.3 MPH) Travis Shaw to third
|
Batting: LHB Mike Moustakas
|
0-0: Called Strike 0-1: Swinging Strike 0-2: Ball 1-2: Ball 2-2: Strikes out swinging
|
Batting: LHB Scott Schebler
|
0-0: Ball 1-0: Foul Ball, location: 2F 1-1: Ball 2-1: Foul Ball, location: 2F 2-2: Foul Ball, location: 2F 2-2: Foul Ball, location: 2F 2-2: Foul Ball, location: 2F 2-2: Foul Ball, location: 2F 2-2: Foul Ball, location: 2F 2-2: Strikes out swinging
|
Top of the 4th over - 0 runs, 2 hits, 0 errors, 2 left on base; New York 0 - Philadelphia 0 |
BOTTOM OF THE 4TH |
Philadelphia Phillies batting - Pitching for New York Mets : LHP Eduardo Rodriguez
|
Batting: RHB Giancarlo Stanton
|
0-0: Ball 1-0: Swinging Strike 1-1: Fly out, F8 (Flyball, 78D, EV 96.3 MPH)
|
Batting: RHB Jesus Aguilar
|
0-0: Ball 1-0: Called Strike 1-1: Foul Ball, location: 2F 1-2: Ball 2-2: Ball 3-2: SOLO HOME RUN (Flyball, 7D, EV 98.1 MPH), Distance : 371 ft
|
Batting: LHB David Peralta
|
0-0: Called Strike 0-1: Fly out, F6 (Popup, 6M, EV 53.1 MPH)
|
Batting: RHB Todd Frazier
|
0-0: Ball 1-0: Ball 2-0: Called Strike 2-1: Foul Ball, location: 2F 2-2: Ball 3-2: Foul Ball, location: 2F 3-2: Base on Balls
|
Batting: RHB Russell Martin
|
0-0: Ball 1-0: Foul Ball, location: 2F 1-1: Swinging Strike 1-2: Ball 2-2: Ground out 6-3 (Groundball, 6MD, EV 101.9 MPH)
|
Bottom of the 4th over - 1 run, 1 hit, 0 errors, 1 left on base; New York 0 - Philadelphia 1 |
TOP OF THE 5TH |
New York Mets batting - Pitching for Philadelphia Phillies : RHP Miguel Castro
|
Batting: RHB Salvador Perez
|
0-0: Fly out, F4 (Popup, 6D, EV 71.3 MPH)
|
Batting: RHB Starlin Castro
|
0-0: Foul Ball, location: 2F 0-1: Reached on error, E6 (Groundball, 6, EV 98.8 MPH)
|
Batting: SHB Ehire Adrianza
|
0-0: Called Strike 0-1: Foul Ball, location: 2F 0-2: Hit by Pitch
|
Batting: LHB Eduardo Rodriguez
|
0-0: Ball 1-0: Sac Bunt to 23 - play at first, batter OUT! 3-4 Starlin Castro to third Ehire Adrianza to second
|
Batting: SHB Ian Happ
|
0-0: Ball 1-0: Fly out, F7 (Line Drive, 7, EV 96.9 MPH)
|
Top of the 5th over - 0 runs, 0 hits, 1 error, 2 left on base; New York 0 - Philadelphia 1 |
BOTTOM OF THE 5TH |
Philadelphia Phillies batting - Pitching for New York Mets : LHP Eduardo Rodriguez
|
Batting: RHB Scott Kingery
|
0-0: Called Strike 0-1: Ball 1-1: Ball 2-1: Called Strike 2-2: Ball 3-2: TRIPLE (Line Drive, 9LD, EV 111.3 MPH)
|
Batting: RHB Miguel Castro
|
0-0: Ball Passed Ball! Scott Kingery scores 1-0: SINGLE (Line Drive, 7S, EV 95.6 MPH)
|
Batting: LHB Leonys Martin
|
0-0: Fielders Choice at 2nd, 6-4 (Groundball, 6, EV 103.8 MPH)
|
Batting: SHB Ketel Marte
|
0-0: Ball 1-0: Swinging Strike 1-1: Ball 2-1: SINGLE (Line Drive, 8RS, EV 99.4 MPH) Leonys Martin to second
|
Batting: RHB Giancarlo Stanton
|
0-0: Ball 1-0: Ball 2-0: Ball Leonys Martin steals 3rd, throwing error, E2 Leonys Martin scores Ketel Marte to third 3-0: Base on Balls
|
Batting: RHB Jesus Aguilar
|
0-0: Fly out, F7 (Flyball, 78S, EV 83.1 MPH)
|
Batting: LHB David Peralta
|
0-0: Called Strike 0-1: Ball 1-1: Swinging Strike 1-2: Strikes out looking
|
Bottom of the 5th over - 2 runs, 3 hits, 1 error, 2 left on base; New York 0 - Philadelphia 3 |
TOP OF THE 6TH |
New York Mets batting - Pitching for Philadelphia Phillies : RHP Miguel Castro
|
Batting: LHB Travis Shaw
|
0-0: Ground out 2-3 (Groundball, 2L, EV 67.5 MPH)
|
Batting: RHB Steve Pearce
|
0-0: Called Strike 0-1: Ball 1-1: Ground out 6-3 (Groundball, 6, EV 96.3 MPH)
|
Batting: LHB Mike Moustakas
|
0-0: Ball 1-0: Called Strike 1-1: Called Strike 1-2: Foul Ball, location: 2F 1-2: Ball 2-2: SINGLE (Groundball, 34D, EV 102.5 MPH)
|
Batting: LHB Scott Schebler
|
0-0: Swinging Strike 0-1: Fly out, F6 (Line Drive, 4, EV 68.1 MPH)
|
Top of the 6th over - 0 runs, 1 hit, 0 errors, 1 left on base; New York 0 - Philadelphia 3 |
BOTTOM OF THE 6TH |
Philadelphia Phillies batting - Pitching for New York Mets : LHP Eduardo Rodriguez
|
Batting: RHB Todd Frazier
|
0-0: Ball 1-0: Ball 2-0: Ball 3-0: Called Strike 3-1: SOLO HOME RUN (Line Drive, 7D, EV 94.4 MPH), Distance : 374 ft
|
Batting: RHB Russell Martin
|
0-0: Ball 1-0: Called Strike 1-1: Foul Ball, location: 2F 1-2: Ball 2-2: Ball 3-2: Hit by Pitch
|
Pitching: RHP Justin Anderson
|
|
Batting: RHB Scott Kingery
|
0-0: Called Strike 0-1: Fly out, F9 (Flyball, 9D, EV 102.5 MPH)
|
Batting: RHB Miguel Castro
|
0-0: Sac Bunt to 2R - play at first, batter OUT! 2-4 Russell Martin to second
|
Batting: LHB Leonys Martin
|
0-0: Ball 1-0: Foul Ball, location: 2F 1-1: Swinging Strike 1-2: Ball 2-2: Ball 3-2: Foul Ball, location: 2F 3-2: Foul Ball, location: 2F 3-2: Foul Ball, location: 2F 3-2: Foul Ball, location: 2F 3-2: Strikes out swinging
|
Bottom of the 6th over - 1 run, 1 hit, 0 errors, 1 left on base; New York 0 - Philadelphia 4 |
TOP OF THE 7TH |
New York Mets batting - Pitching for Philadelphia Phillies : RHP Miguel Castro
|
Pitching: RHP Jamie Callahan
|
|
Batting: RHB Salvador Perez
|
0-0: Ground out 6-3 (Groundball, 6, EV 105.0 MPH)
|
Batting: RHB Starlin Castro
|
0-0: Called Strike 0-1: Fly out, F7 (Line Drive, 7D, EV 92.5 MPH)
|
Batting: SHB Ehire Adrianza
|
0-0: Ball 1-0: SINGLE (Line Drive, 8RS, EV 95.6 MPH)
|
Pinch Hitting: LHB Gerardo Parra
|
0-0: Ball Ehire Adrianza steals 2nd base 1-0: Ball 2-0: Called Strike 2-1: Ground out 3-1 (Groundball, 34, EV 88.1 MPH)
|
Top of the 7th over - 0 runs, 1 hit, 0 errors, 1 left on base; New York 0 - Philadelphia 4 |
BOTTOM OF THE 7TH |
Philadelphia Phillies batting - Pitching for New York Mets : RHP Justin Anderson
|
Pitching: RHP Steve Cishek
|
|
Batting: SHB Ketel Marte
|
0-0: Ball 1-0: Foul Ball, location: 2F 1-1: Ball 2-1: Ground out 6-3 (Groundball, 6, EV 80.6 MPH)
|
Batting: RHB Giancarlo Stanton
|
0-0: Ball 1-0: Foul Ball, location: 2F 1-1: Swinging Strike 1-2: Fly out, F7 (Flyball, 7S, EV 95.0 MPH)
|
Batting: RHB Jesus Aguilar
|
0-0: Foul Ball, location: 2F 0-1: Ball 1-1: Foul Ball, location: 2F 1-2: Strikes out swinging
|
Bottom of the 7th over - 0 runs, 0 hits, 0 errors, 0 left on base; New York 0 - Philadelphia 4 |
TOP OF THE 8TH |
New York Mets batting - Pitching for Philadelphia Phillies : RHP Jamie Callahan
|
Batting: SHB Ian Happ
|
0-0: Foul Ball, location: 2F 0-1: Foul Ball, location: 2F 0-2: Foul Ball, location: 2F 0-2: Foul Ball, location: 2F 0-2: Ball 1-2: Fly out, F4 (Popup, 4S, EV 78.1 MPH)
|
Batting: LHB Travis Shaw
|
0-0: Foul Ball, location: 2F 0-1: Foul Ball, location: 2F 0-2: SINGLE (Groundball, 34D, EV 94.4 MPH)
|
Batting: RHB Steve Pearce
|
0-0: Ball 1-0: Foul Ball, location: 2F 1-1: Hit by Pitch Travis Shaw to second
|
Batting: LHB Mike Moustakas
|
0-0: Called Strike 0-1: Foul Ball, location: 2F 0-2: Ball 1-2: 3-RUN HOME RUN (Flyball, 9D, EV 97.5 MPH), Distance : 377 ft
|
Pitching: RHP Lou Trivino
|
|
Batting: LHB Scott Schebler
|
0-0: Called Strike 0-1: Swinging Strike 0-2: Ball 1-2: Foul Ball, location: 2F 1-2: Ball 2-2: Fly out, F4 (Line Drive, 4, EV 65.6 MPH)
|
Batting: RHB Salvador Perez
|
0-0: SINGLE (Groundball, 6D, EV 106.9 MPH)
|
Pinch Hitting: LHB Eddie Rosario
|
0-0: Called Strike 0-1: Fly out, F9 (Line Drive, 9, EV 93.8 MPH)
|
Top of the 8th over - 3 runs, 3 hits, 0 errors, 1 left on base; New York 3 - Philadelphia 4 |
BOTTOM OF THE 8TH |
Philadelphia Phillies batting - Pitching for New York Mets : RHP Steve Cishek
|
Pitching: RHP Drew Steckenrider
|
|
Now at 2B: Jonathan Villar
|
|
Batting: LHB David Peralta
|
0-0: Ball 1-0: Called Strike 1-1: Foul Ball, location: 2F 1-2: Ball 2-2: SOLO HOME RUN (Flyball, 9D, EV 99.4 MPH), Distance : 374 ft
|
Batting: RHB Todd Frazier
|
0-0: Ball 1-0: Ball 2-0: Ball 3-0: Called Strike 3-1: Swinging Strike 3-2: Strikes out looking
|
Batting: RHB Russell Martin
|
0-0: Called Strike 0-1: Ball 1-1: Ball 2-1: Ball 3-1: Base on Balls
|
Pitching: RHP Giovanny Gallegos
|
|
Batting: RHB Scott Kingery
|
0-0: SINGLE (Groundball, 34D, EV 97.5 MPH) Russell Martin to second Runner from 2nd tries for 3rd, SAFE, throw by RF made to third
|
Pinch Hitting: LHB Justin Bour
|
0-0: Ball 1-0: Foul Ball, location: 2F 1-1: Foul Ball, location: 2F 1-2: Strikes out looking
|
Batting: LHB Leonys Martin
|
0-0: Ball 1-0: Foul Ball, location: 2F 1-1: Fly out, F4 (Popup, 4D, EV 66.9 MPH)
|
Bottom of the 8th over - 1 run, 2 hits, 0 errors, 2 left on base; New York 3 - Philadelphia 5 |
TOP OF THE 9TH |
New York Mets batting - Pitching for Philadelphia Phillies : RHP Lou Trivino
|
Pitching: RHP Kenley Jansen
|
|
Batting: SHB Ehire Adrianza
|
0-0: Ground out 4-3 (Groundball, 34D, EV 96.9 MPH)
|
Batting: SHB Jonathan Villar
|
0-0: Ball 1-0: Ball 2-0: Foul Ball, location: 2F 2-1: Called Strike 2-2: Ball 3-2: SINGLE (Groundball, 34D, EV 94.4 MPH)
|
Batting: SHB Ian Happ
|
0-0: Ball 1-0: Called Strike 1-1: Called Strike 1-2: Strikes out looking
|
Batting: LHB Travis Shaw
|
0-0: Foul Ball, location: 2F 0-1: SINGLE (Line Drive, 9LS, EV 93.8 MPH) Jonathan Villar to second
|
Batting: RHB Steve Pearce
|
0-0: Called Strike 0-1: Ball 1-1: Swinging Strike 1-2: Strikes out swinging
|
Top of the 9th over - 0 runs, 2 hits, 0 errors, 2 left on base; New York 3 - Philadelphia 5 |
|